 Dungeon Crawl Stone Soup version 0.31-a0-496-g6f97920a28 (webtiles) character file.

Game seed: 6492832777917777567

36 AstroCodex24 the Shield-Bearer (level 3, -14/29 HPs)
             Began as a Vampire Fighter on Aug 8, 2023.
             Demolished by an ogre
             ... wielding a +0 giant club
              (24 damage)
             ... on level 3 of the Dungeon.
             The game lasted 00:02:12 (422 turns).

AstroCodex24 the Shield-Bearer (Vampire Fighter)     Turns: 422, Time: 00:02:13

Health: -14/29     AC:  6    Str: 17    XL:     3   Next: 19%
Magic:  3/3        EV:  9    Int: 10    God:
Gold:   104        SH:  4    Dex: 13    Spells: 2/2 levels left

rFire   . . .        a - +0 war axe
rCold   . . .        c - +0 buckler
rNeg    . . .        b - +0 scale mail
rPois   .            (no helmet)
rElec   .            (no cloak)
rCorr   .            (no gloves)
SInv    +            (no boots)
Will    .....        (no amulet) Stlth
                     (no ring)
HPRegen 0.44/turn    (no ring)
MPRegen 0.08/turn

%: no passive effects
@: lethally poisoned (-14 -> -15), healing quickly
A: alive, fangs 3, see invisible, vampiric 2
a: Exsanguinate


You were on level 3 of the Dungeon.
You visited 1 branch of the dungeon, and saw 3 of its levels.

You collected 104 gold pieces.

Inventory:

Hand Weapons
 a - a +0 war axe (weapon)
Armour
 b - a +0 scale mail (worn)
 c - a +0 buckler (worn)
Jewellery
 e - a ring of willpower
Scrolls
 f - a scroll of enchant armour {unknown}
 g - a scroll of revelation {unknown}
 h - a scroll of teleportation {unknown}
 i - a scroll of poison {unknown}
 j - 3 scrolls of identify {unknown}
 k - a scroll of fog {unknown}
Potions
 d - a potion of might
 l - a potion of haste {unknown}


   Skills:
 + Level 3.0 Fighting
 + Level 2.2 Axes
 + Level 2.7 Armour
 + Level 0.1 Dodging
 + Level 3.1 Shields


You had 2 spell levels left.
You didn't know any spells.
Your spell library contained the following spells:

 Spells                   Type           Power      Damage    Failure   Level
 Lesser Beckoning         Tloc           0%         N/A       94%         2
 Gell's Gravitas          Tloc           0%         N/A       99%         3
 Teleport Other           Tloc           0%         N/A       99%         3


Dungeon Overview and Level Annotations

Branches:
Dungeon (3/15)

Altars:


Innate Abilities, Weirdness & Mutations

Your natural rate of healing is accelerated.
You have razor-sharp teeth.
You have supernaturally acute eyesight. (SInv)
You are afflicted with vampirism and can become a bat while bloodless.


Message History

You slash the giant cockroach!
You kill the giant cockroach!
You block the orc's attack. The orc barely misses you.
You block the orc's attack.
You closely miss the orc. The orc hits you with a +0 trident.
You hit the orc but do no damage. The orc hits you with a +0 trident. x2
You slash the orc!
You kill the orc!
Found a scroll labelled GOSKIAW ALI SUAVU.
Things that are here:
a +0 trident; a +0 chain mail A kobold comes into view.
It is wielding a +0 dagger and quivering poisoned darts.
The kobold shouts!
The kobold throws a poisoned dart.
The poisoned dart hits you!
You are poisoned.
You feel sick.
You see here a scroll labelled GOSKIAW ALI SUAVU.
Found a stone staircase leading down.
You feel sick.
The kobold throws a poisoned dart.
The poisoned dart hits you!
You are more poisoned.
An ogre comes into view. It is wielding a +0 giant club.
You feel very sick.
The ogre shouts!
You feel very sick.
You feel sick.
You closely miss the kobold.
You feel sick. The kobold closely misses you. The kobold barely misses you.
You barely miss the kobold.
You feel sick.
A giant cockroach comes into view.
The kobold hits you with a +0 dagger.
You hit the kobold.
You kill the kobold!
You hit the ogre.
You feel sick. The ogre barely misses you. The ogre attacks as you move away!
The ogre barely misses you.
You feel sick.
Things that are here:
a +0 dagger; 4 poisoned darts The ogre attacks as you move away!
The ogre hits you with a +0 giant club!!
Ouch! That really hurt!
You die...

..........##.
#.............. #.#
#.....#...##.. #.#
##...##....... #.#
#.....#.#.##.# #.#
##.#.#.#.#.##.# #>#
............#.####.#####.#
##.#.#.#.#).#........B...#
#......#.......?@O.#
..#.........########
#...#######.# ###.# #.#
#.# #.# #.# ..# ###


You could see an ogre and a giant cockroach.

Vanquished Creatures
  A worm (D:2)
  3 dart slugs
  An orc (D:3)
  4 ball pythons
  2 endoplasms (D:1)
  3 giant cockroaches
  4 bats
  3 frilled lizards (D:1)
  A goblin (D:2)
  4 kobolds
  A rat (D:3)
27 creatures vanquished.

Notes
Turn   | Place    | Note
-------+----------+-------------------------------------------
     0 | D:1      | AstroCodex24 the Vampire Fighter began the quest for the
                  | Orb.
     0 | D:1      | Reached XP level 1. HP: 17/17 MP: 1/1
    66 | D:1      | Reached XP level 2. HP: 20/23 MP: 2/2
   272 | D:3      | Gained mutation: You are afflicted with vampirism and can
                  | become a bat while bloodless. [Vampire growth]
   272 | D:3      | Reached XP level 3. HP: 24/29 MP: 3/3
   415 | D:3      | Noticed an ogre
   422 | D:3      | Demolished by an ogre

Illustrated notes

Levels and vault maps discovered:
D:1:      nicolae_arrival_somewhat_less_tricky_arrival, layout_rooms,
          chequers_serial_rivers_marsh, nrook_loot_triangle,
          minmay_small_reverse_x
D:2:      layout_basic, shapermc_ecumenical_altar_venn, uniq_terence
D:3:      layout_loops_ring, chequers_arboretum

Skill      XL: |  1  2 |
---------------+-------+-----
Axes           | 2 |  2.2
Shields        | 3 |  3.1
Fighting       | 3 |  3.0
Armour         | |  2.7
Dodging        | |  0.1

Action                     || total
---------------------------++-------
  Melee: War axe           ||    49
         Bite              ||     7
 Armour: Scale mail        ||    37
  Dodge: Dodged            ||    40
  Block: Buckler           ||    12

Table legend: (Time is in decaauts)
 A = Elapsed time spent in this place.
 B = Non-inter-level travel time spent in this place.
 C = Inter-level travel time spent in this place.
 D = Time resting spent in this place.
 E = Time spent auto-exploring this place.
 F = Levels seen in this place.
 G = Mean time per level.
                   A        B        C        D        E       F      G
               +--------+--------+--------+--------+--------+-----+--------+
         Total |    444 |    436 |      8 |      0 |      0 |   3 |  148.0 |
       Dungeon |    444 |    436 |      8 |      0 |      0 |   3 |  148.0 |
               +--------+--------+--------+--------+--------+-----+--------+

Top non-repeatable levels by time:
     D:1: 221 daAuts
     D:3: 179 daAuts
     D:2: 43 daAuts
